 Dungeon Crawl Stone Soup version 0.21.1-1-g345015f (webtiles) character file.

6648 shakethe the Destroyer (level 11, -11/59 HPs)
             Began as a Tengu Fire Elementalist on Feb 9, 2018.
             Was a Believer of Vehumet.
             Mangled by a komodo dragon (27 damage)
             ... on level 1 of the Lair of Beasts.
             The game lasted 00:49:00 (11206 turns).

shakethe the Destroyer (Tengu Fire Elementalist)   Turns: 11206, Time: 00:49:01

Health: -11/59     AC:  8    Str: 10    XL:     11   Next: 2%
Magic:  3/21       EV: 15    Int: 22    God:    Vehumet [**....]
Gold:   525        SH:  6    Dex: 19    Spells: 7/22 levels left

rFire    . . .     SeeInvis .   l - +6 spear of Makhleb's Supremacy {drain, *Contam Int+4 Dex+3}
rCold    + . .     Gourm    .   q - +0 buckler
rNeg     . . .     Faith    .   a - +1 robe
rPois    .         Spirit   .   (helmet restricted)
rElec    .         Reflect  .   r - +2 cloak
rCorr    .         Harm     .   (no gloves)
MR       .....                  (boots unavailable)
Stlth    ++........             (no amulet)
HPRegen  0.19/turn              m - +2 ring of dexterity
MPRegen  0.17/turn              (no ring)

@: no status effects
A: beak, talons 3, molten scales 1, cold resistance 1, wild magic 1, able to fly
1
a: Fly, Renounce Religion


You were on level 1 of the Lair of Beasts.
You worshipped Vehumet.
Vehumet was pleased with you.
You were near starving.

You visited 3 branches of the dungeon, and saw 11 of its levels.

You collected 525 gold pieces.

Inventory:

Hand Weapons
 e - a +1 dagger
   (You took it off a kobold on level 1 of the Dungeon)
 l - the +6 spear of Makhleb's Supremacy (weapon) {drain, *Contam Int+4 Dex+3}
   (You found it on level 8 of the Dungeon)

   A truly terrible weapon, it drains the life of those it strikes.
   It affects your intelligence (+4).
   It affects your dexterity (+3).
   It causes magical contamination when unequipped.
 w - a +1 dagger of venom
   (You took it off an orc wizard on level 6 of the Dungeon)
Missiles
 f - 322 stones (quivered)
Armour
 a - a +1 robe (worn)
 q - a +0 buckler (worn)
   (You found it on level 5 of the Dungeon)
 r - a +2 cloak (worn)
   (You found it on level 3 of the Dungeon)
Jewellery
 m - a +2 ring of dexterity (left hand)
   (You found it on level 5 of the Dungeon)
 D - an uncursed ring of protection from magic {unknown}
   (You found it on level 9 of the Dungeon)
Wands
 o - a wand of enslavement (16)
   (You found it on level 5 of the Dungeon)
 A - a wand of random effects (35)
   (You found it on level 8 of the Dungeon)
 B - a wand of paralysis (7)
   (You found it on level 8 of the Dungeon)
Scrolls
 g - 4 scrolls of identify
 h - 4 scrolls of random uselessness
 i - a scroll of magic mapping {!r}
 k - 4 scrolls of remove curse
 p - a scroll of enchant armour
 u - a scroll of enchant weapon
 x - a scroll of amnesia
 z - a scroll of teleportation
Potions
 d - a potion of curing
 j - a potion of flight
 n - a potion of might {unknown}
 t - a potion of mutation {!q}
 v - 2 potions of lignification {!q}
Books
 b - a book of Flames
 y - a book of Minor Magic
   (You found it on level 4 of the Dungeon)
Comestibles
 c - 11 rations
 C - 2 chunks of flesh {@w0}


   Skills:
 + Level 2.9 Fighting
 + Level 3.1 Armour
 + Level 4.1 Dodging
 - Level 2.0 Stealth
 - Level 4.0 Shields
 + Level 6.0 Spellcasting
 * Level 11.3 Conjurations
 - Level 4.1 Translocations
 * Level 10.2 Fire Magic


You had 7 spell levels left.
You knew the following spells:

 Your Spells              Type           Power        Failure   Level  Hunger
a - Flame Tongue          Conj/Fire      #####        1%          1    None
b - Blink                 Tloc           N/A          4%          2    None
c - Conjure Flame         Conj/Fire      ######..     1%          3    #......
f - Fireball              Conj/Fire      ######....   5%          5    #####..
s - Sticky Flame          Conj/Fire      ######..     2%          4    ###....


Dungeon Overview and Level Annotations

Branches:
Dungeon (9/15)             Temple (1/1) D:5            Lair (1/6) D:9
    Orc: D:9-12

Altars:
Ashenzari
Cheibriados
Dithmenos
Elyvilon
Fedhas
Gozag
Hepliaklqana
Kikubaaqudgha
Makhleb
Nemelex Xobeh
Okawaru
Qazlal
Ru
Sif Muna
Trog
Uskayaw
Vehumet
Wu Jian
Xom
Yredelemnul
Zin
The Shining One


Innate Abilities, Weirdness & Mutations

You have a beak for a mouth.
You have claws for feet.
You can fly.
You are partially covered in molten scales. (AC +2)
Your flesh is cold resistant. (rC+)
Your spells are a little harder to cast, but a little more powerful.


Message History

You take 6 damage, and have 24/59 hp.
You now have 13/21 mp.
Aim: a swamp drake (lightly wounded)
The sticky flame hits the swamp drake.
The swamp drake is covered in liquid flames!
The swamp drake burns!
The komodo dragon seems less confused.
The swamp drake breathes noxious fumes at you.
The noxious blast engulfs you!
You now have 9/21 mp.
Unknown command.
You are engulfed in noxious fumes.
The swamp drake burns!
The komodo dragon is engulfed in noxious fumes.
The komodo dragon appears confused.
The komodo dragon bites the swamp drake!!
The swamp drake dies!
You are engulfed in noxious fumes.
The komodo dragon is engulfed in noxious fumes.
You take 2 damage, and have 22/59 hp.
The komodo dragon barely misses itself.
You see here a wyvern corpse.
You butcher the wyvern corpse.
You see here 2 chunks of flesh {@w0}.
The komodo dragon seems less confused.
The komodo dragon hisses menacingly.
A crimson imp comes into view.
Okay, then.
Okay, then.
You blink.
The crimson imp shouts!
The crimson imp hits you.
You take 1 damage, and have 23/59 hp.
You now have 9/21 mp.
You puncture the crimson imp! Your kick misses the crimson imp.
Your peck misses the crimson imp. You block the crimson imp's attack.
You hit the crimson imp. Your kick misses the crimson imp.
The crimson imp barely misses you.
You hit the crimson imp but do no damage.
You claw the crimson imp. You block the crimson imp's attack.
You puncture the crimson imp!
You kill the crimson imp!
Vehumet accepts your kill.
You feel your power returning.
You blink.
The komodo dragon hisses menacingly.
You now have 9/21 mp.
As you read the scroll labeled YPRERYCSUWUO, it crumbles to dust.
You hear the sound of one hand clapping.
It was a scroll of random uselessness.
Attack whom?
Aim: a komodo dragon You reach to attack!
You hit the komodo dragon.
Aim: a komodo dragon (lightly wounded)
The sticky flame hits the komodo dragon.
The komodo dragon appears unharmed.
The komodo dragon is covered in liquid flames!
The komodo dragon burns!
The komodo dragon bites you!
* * * LOW HITPOINT WARNING * * *
You take 14 damage, and have 11/59 hp.
MASSIVE DAMAGE!!
You now have 6/21 mp.
You miscast Blink.
You are very lightly contaminated with residual magic.
You spin around.
The komodo dragon burns!
You block the komodo dragon's attack.
You now have 4/21 mp.
You blink.
The komodo dragon burns!
You now have 2/21 mp.
As you read the scroll labeled UCILUY HERIPUL, it crumbles to dust.
You feel strangely unstable.
It was a scroll of teleportation.
The komodo dragon burns!
The komodo dragon burns!
A wyvern comes into view.
The komodo dragon burns!
The komodo dragon stops burning.
Your surroundings seem slightly different.
You blink.
You now have 1/21 mp.
You don't have enough magic to cast that spell.
Okay, then.
You found an alarm trap!
Okay, then.
Okay, then.
You blink.
You now have 0/21 mp.
You don't have enough magic to cast that spell.
Okay, then.
Found a staircase to the Lair.
You are near starving!
You see here a sack of spiders.
There is a staircase to the Lair here.
The komodo dragon barely misses you.
You climb downwards.
Welcome to the Lair of Beasts!
A hippogriff comes into view.
There is a staircase back to the Dungeon here.
Your magical contamination has completely faded away.
The hippogriff screeches!
Okay, then.
As you read the scroll of fog, it crumbles to dust.
The scroll dissolves into smoke.
The komodo dragon closely misses you.
A crocodile comes into view.
You barely miss the hippogriff. You claw the hippogriff.
The komodo dragon bites you!!
You die...

.........
...#...#
.+##+..P...#
......H....#
........t..##
...........P#
......§§..§#
......§H§.§#
#P.P##§@#§§#
+......l+§§#
........§§.#
#.......#..P#
#.......+..##
........#..#
#.......#..#
.#.###.P#..#
.. ...$..P


You could see a komodo dragon, a hippogriff and a crocodile.

Vanquished Creatures
  A two-headed ogre (D:8)
  The ghost of Quirk the Blocker, a novice GnFi of Ashenzari (D:9)
  Joseph (D:7)
  Sigmund (D:6)
  3 wyverns (D:9)
  A hungry ghost (D:9)
  A sky beast (D:6)
  3 ice beasts
  An orc warrior (D:6)
  7 necrophages (D:8)
  6 ogres
  4 centaurs
  7 bullfrogs
  6 killer bees (D:7)
  6 wights
  2 howler monkeys
  6 crimson imps
  3 bullfrog zombies
  A quasit (D:9)
  2 bullfrog skeletons
  5 hounds
  A jelly (D:5)
  A centaur skeleton (D:4)
  2 orc priests (D:4)
  9 orc wizards
  4 iguanas
  6 worker ants
  A howler monkey skeleton (D:9)
  11 adders
  2 shadow imps
  2 oozes
  3 adder skeletons
  A dart slug (D:1)
  5 leopard geckos
  24 orcs
  8 giant cockroaches
  2 hobgoblins (D:3)
  10 jackals
  11 kobolds
  A quokka (D:4)
  3 ball pythons
  9 bats
  6 frilled lizards
  2 goblins
  A leopard gecko zombie (D:6)
  4 rats
  3 rat zombies (D:2)
200 creatures vanquished.

Vanquished Creatures (others)
  A swamp drake (D:9)
  A human (D:4)
2 creatures vanquished.

Grand Total: 202 creatures vanquished

Notes
Turn   | Place    | Note
-------+----------+-------------------------------------------
     0 | D:1      | shakethe the Tengu Fire Elementalist began the quest for the Orb.
     0 | D:1      | Reached XP level 1. HP: 10/10 MP: 4/4
   226 | D:1      | Reached skill level 2 in Conjurations
   226 | D:1      | Reached XP level 2. HP: 15/15 MP: 4/6
   782 | D:2      | Found a hazy altar of Hepliaklqana.
   887 | D:2      | Reached XP level 3. HP: 19/19 MP: 3/7
   915 | D:2      | Reached skill level 3 in Conjurations
   915 | D:2      | Reached skill level 4 in Fire Magic
  1123 | D:2      | Noticed a bullfrog
  1129 | D:2      | HP: 3/19 [bullfrog (8)]
  1133 | D:2      | Killed a bullfrog
  1133 | D:2      | Reached XP level 4. HP: 5/24 MP: 2/8
  1377 | D:2      | Learned a level 4 spell: Sticky Flame
  1381 | D:2      | Learned a level 3 spell: Conjure Flame
  1537 | D:2      | Reached skill level 4 in Conjurations
  1537 | D:2      | Gained mutation: You can fly. [Tengu growth]
  1537 | D:2      | Reached XP level 5. HP: 27/28 MP: 5/10
  1709 | D:2      | Found an ancient bone altar of Kikubaaqudgha.
  1768 | D:2      | Found a glowing golden altar of the Shining One.
  1770 | D:2      | Found an iron altar of Okawaru.
  2694 | D:3      | Noticed an ogre
  2703 | D:3      | Killed an ogre
  2703 | D:3      | Reached skill level 3 in Spellcasting
  2703 | D:3      | Reached skill level 5 in Fire Magic
  2703 | D:3      | Reached XP level 6. HP: 32/32 MP: 6/11
  3197 | D:4      | Reached skill level 5 in Conjurations
  3263 | D:4      | Found a shattered altar of Ashenzari.
  3328 | D:4      | HP: 6/32 [ogre/giant club (17)]
  3653 | D:4      | Reached XP level 7. HP: 25/36 MP: 8/13
  3751 | D:4      | Reached skill level 6 in Conjurations
  3751 | D:4      | Reached skill level 6 in Fire Magic
  3830 | D:4      | Found an ancient bone altar of Kikubaaqudgha.
  3834 | D:4      | Noticed a human
  3836 | D:4      | Killed a human
  3870 | D:4      | Found a basalt altar of Yredelemnul.
  4662 | D:4      | Learned a level 2 spell: Blink
  4724 | D:4      | Gained mutation: Your flesh is cold resistant. (rC+) [potion of mutation]
  4724 | D:4      | Gained mutation: You are partially covered in molten scales. (AC +2) [potion of mutation]
  4724 | D:4      | Gained mutation: Your spells are a little harder to cast, but a little more powerful. [potion of mutation]
  4808 | D:5      | Entered Level 5 of the Dungeon
  4841 | D:5      | Reached skill level 4 in Spellcasting
  4841 | D:5      | Reached skill level 7 in Conjurations
  4841 | D:5      | Reached XP level 8. HP: 32/41 MP: 5/15
  5002 | D:5      | Reached skill level 1 in Translocations
  5036 | D:5      | Reached skill level 7 in Fire Magic
  5206 | D:5      | Found a hide-covered altar of Uskayaw.
  5352 | D:5      | Found a staircase to the Ecumenical Temple.
  5378 | Temple   | Entered the Ecumenical Temple
  5437 | Temple   | Became a worshipper of Vehumet
  5680 | D:6      | Noticed Sigmund
  5699 | D:6      | Killed Sigmund
  5699 | D:6      | Reached skill level 1 in Shields
  5699 | D:6      | Reached skill level 8 in Conjurations
  5699 | D:6      | Reached skill level 2 in Translocations
  5902 | D:6      | You fall through a shaft for 2 floors!
  5911 | D:8      | Learned a level 5 spell: Fireball
  5959 | D:8      | Reached skill level 2 in Shields
  5959 | D:8      | Reached XP level 9. HP: 45/45 MP: 4/16
  6153 | D:7      | Noticed Joseph
  6731 | D:7      | Killed Joseph
  6731 | D:7      | Reached skill level 3 in Shields
  6731 | D:7      | Reached skill level 3 in Translocations
  6731 | D:7      | Reached skill level 8 in Fire Magic
  6749 | D:7      | Reached skill level 9 in Conjurations
  7119 | D:7      | Reached skill level 5 in Spellcasting
  7638 | D:6      | Reached skill level 4 in Shields
  7674 | D:6      | Reached skill level 4 in Translocations
  7674 | D:6      | Reached * piety under Vehumet
  7674 | D:6      | Offered knowledge of Sting by Vehumet.
  8074 | D:6      | Reached XP level 10. HP: 50/50 MP: 13/18
  8142 | D:6      | Found an ornate altar of the Wu Jian Council.
  8148 | D:6      | Reached skill level 9 in Fire Magic
  9032 | D:7      | Reached skill level 1 in Armour
  9032 | D:7      | Reached skill level 10 in Conjurations
  9068 | D:7      | Reached skill level 1 in Fighting
  9342 | D:8      | Found a white marble altar of Elyvilon.
  9668 | D:8      | Reached skill level 3 in Dodging
  9833 | D:8      | Noticed a two-headed ogre
  9839 | D:8      | HP: 12/52 [two-headed ogre/giant club (25)]
  9855 | D:8      | Killed a two-headed ogre
  9855 | D:8      | Offered knowledge of Sandblast by Vehumet.
  9855 | D:8      | Reached skill level 2 in Fighting
  9855 | D:8      | Reached skill level 2 in Armour
 10170 | D:8      | Got a bone spear
 10171 | D:8      | Identified the +6 spear of Makhleb's Supremacy {drain, *Contam Int+4 Dex+3} (You found it on level 8 of the Dungeon)
 10366 | D:9      | Noticed Quirk's ghost (novice GnFi)
 10376 | D:9      | Killed Quirk's ghost
 10376 | D:9      | Reached skill level 11 in Conjurations
 10537 | D:9      | Reached skill level 10 in Fire Magic
 10549 | D:9      | Reached ** piety under Vehumet
 11089 | D:9      | Reached skill level 3 in Armour
 11089 | D:9      | Reached skill level 4 in Dodging
 11089 | D:9      | Reached skill level 6 in Spellcasting
 11131 | D:9      | Reached XP level 11. HP: 35/59 MP: 11/21
 11177 | D:9      | HP: 11/59 [komodo dragon (14)]
 11193 | D:9      | Found a staircase to the Lair.
 11198 | Lair:1   | Entered Level 1 of the Lair of Beasts
 11206 | Lair:1   | Mangled by a komodo dragon

Skill      XL: |  1  2  3  4  5  6  7  8  9 10 |
---------------+-------------------------------+-----
Conjurations   | 2 3 4 5 7 8 9 11 | 11.3
Fire Magic     | 4 5 6 7 8 10 | 10.2
Spellcasting   | 3 4 5 6 |  6.0
Translocations | 2 4 |  4.1
Shields        | 2 4 |  4.0
Armour         | 3 |  3.1
Fighting       | 2 |  2.9
Dodging        | 4 |  4.1
Stealth        | |  2.0

Action                   |  1- 3 |  4- 6 |  7- 9 | 10-12 || total
-------------------------+-------+-------+-------+-------++-------
Melee: Dagger            |       |    12 |   159 |    10 ||   181
       Peck              |       |     3 |    21 |    11 ||    35
       Kick              |       |     2 |    27 |    17 ||    46
       Spear             |       |       |       |    58 ||    58
Throw: Stone             |       |       |    29 |       ||    29
 Cast: Flame Tongue      |    41 |    60 |    54 |    23 ||   178
       Sticky Flame      |       |     6 |    42 |    29 ||    77
       Fireball          |       |       |    16 |    10 ||    26
       Blink             |       |       |       |     8 ||     8
       Conjure Flame     |       |       |       |     1 ||     1
 Abil: Fly               |       |       |       |     1 ||     1
  Use: Scroll            |       |       |    10 |     4 ||    14
       Potion            |       |       |    10 |     3 ||    13
  Eat: Chunk             |     1 |     8 |    19 |    12 ||    40
       Ration            |       |       |     3 |     1 ||     4
Armor: Robe              |     2 |     7 |    60 |    23 ||    92
Dodge: Dodged            |    17 |    21 |   138 |    63 ||   239
Block: Buckler           |       |       |    13 |    27 ||    40

Vault maps used:
D:1:      dpeg_arrival_simpleton_c
D:2:      cheibrodos_old_hovel, lemuel_zombie_altar_kikubaaqudgha,
          nicolae_overflow_crystal_walls, minitemple
D:4:      yredelemnul_altar_generic, lemuel_crystal_altar, tgw_kikubaaqudgha
D:5:      eat_drink_and_be_merry_uskayaw, minmay_temple_entry_purple_smoke,
          first_ration
D:6:      lemuel_crystal_altar, serial_co_window_serial, co_window_corner_a,
          co_window_cross_1, co_window_of_opportunity_a,
          co_window_of_opportunity_a, co_window_of_opportunity_a,
          co_window_of_opportunity_a, co_window_corner_a, co_window_corner_cb,
          co_window_broadway_b, co_window_broadway_a, co_window_paths_d,
          co_window_4corner_a, glass_columns_b, glass_columns_a, st_stairs_3,
          uniq_sigmund
D:7:      nicolae_whirlpool, uniq_joseph
D:8:      elyvilon_altar_5, serial_undead, serial_undead_c, serial_undead_a,
          serial_undead_a, serial_undead_e
D:9:      erik_lair_dragon
Temple:   cyrus_circular_temple
Lair:1:   beast_lair_carwin_large_3, eino_small_chamber_without_monster,
          grunt_forest_stairs_basic, small_statue_intersection,
          grunt_forest_small_clearings

Table legend:
 A = Turns spent in this place as a percentage of turns spent in the entire game.
 B = Non-inter-level travel turns spent in this place as a percentage of non-inter-level travel turns spent in the entire game.
 C = Inter-level travel turns spent in this place as a percentage of turns spent in this place.
 D = Turns resting spent in this place as a percentage of non-inter-level travel turns spent in this place.
 E = Turns spent auto-exploring this place as a percentage of non-inter-level travel turns spent in this place.
 F = Non-inter-level travel turns spent in this place divided by the number of levels of this place that you've seen.
                   A       B       C       D       E      F
               +-------+-------+-------+-------+-------+----------------------
         Total | 100.0 | 100.0 |   0.9 |  27.9 |  43.3 | 1009.8
       Dungeon |  99.3 |  99.4 |   0.8 |  28.1 |  43.2 | 1226.6
        Temple |   0.6 |   0.5 |  11.6 |   0.0 |  68.9 |  61.0
          Lair |   0.1 |   0.1 |   0.0 |   0.0 |   0.0 |   8.0
               +-------+-------+-------+-------+-------+----------------------

Table legend:
 A = Kills in this place as a percentage of kills in entire the game.
 B = Kills by you in this place as a percentage of kills by you in the entire game.
 C = Kills by friends in this place as a percentage of kills by friends in the entire game.
 D = Other kills in this place as a percentage of other kills in the entire game.
 E = Experience gained in this place as a percentage of experience gained in the entire game.
 F = Experience gained in this place divided by the number of levels of this place that you have seen.
                   A       B       C       D       E      F
               +-------+-------+-------+-------+-------+----------------------
         Total | 100.0 | 100.0 |   N/A | 100.0 | 100.0 | 863.5
       Dungeon | 100.0 | 100.0 |   N/A | 100.0 | 100.0 | 1055.3
               +-------+-------+-------+-------+-------+----------------------
